[Event "NOR-ch Various 2019"]
[Site "Larvik"]
[Date "2019.07.08"]
[Round "3.10"]
[White "Wullum, Robin"]
[Black "Almli, Asmund"]
[Result "1-0"]
[ECO "D02"]
[WhiteElo "1452"]
[BlackElo "1511"]
[Annotator "NA RC"]
[PlyCount "55"]
[EventDate "2019.07.06"]
[EventType "swiss"]
[EventCountry "NOR"]
[SourceTitle "playchess.com"]
[Source "ChessBase"]
[SourceQuality "1"]
[TimeControl "40/5400+30:1800+30"]

1. d4 d5 2. Bf4 e6 3. e3 Nf6 4. Nf3 a6 5. Bd3 c5 6. c3 Bd6 7. Bxd6 Qxd6 8. Nbd2 c4 9. Bc2 Bd7 10. Qe2 Nc6 11. e4 Qe7 12. O-O O-O 13. e5 Ne8 14. h3 f6 15. Nh2 fxe5 16. dxe5 Qc5 17. Ndf3 b5 18. a3 a5 19. Ng4 b4 20. axb4 Qb6 21. bxa5 Rxa5 22. Ng5 Rxa1 23. Rxa1 g6 24. Qd2 h5 25. Nh6+ Kg7 26. Re1 d4 27. g4 dxc3 28. Qxd7+ 1-0

[Event "NOR-ch Various 2019"]
[Site "Larvik"]
[Date "2019.07.08"]
[Round "3.11"]
[White "Skretteberg, Martin"]
[Black "Bu, Knut Steinar"]
[Result "1-0"]
[ECO "C42"]
[WhiteElo "1397"]
[BlackElo "1338"]
[Annotator "NA"]
[PlyCount "147"]
[EventDate "2019.07.06"]
[EventType "swiss"]
[EventCountry "NOR"]
[SourceTitle "playchess.com"]
[Source "ChessBase"]
[SourceQuality "1"]
[TimeControl "40/5400+30:1800+30"]

1. e4 e5 2. Nf3 Nf6 3. Nc3 Bb4 4. d3 d6 5. Bd2 O-O 6. Be2 c6 7. O-O Re8 8. Nb1 Bxd2 9. Nbxd2 d5 10. exd5 cxd5 11. d4 e4 12. Ne5 Nfd7 13. Bb5 a6 14. Ba4 b5 15. Nxd7 Nxd7 16. Bb3 Nf6 17. h3 Ra7 18. Re1 Rae7 19. Nf1 Bf5 20. Ne3 Be6 21. c3 Qc8 22. a4 Qb7 23. axb5 axb5 24. Qe2 Ra8 25. Ra2 Ree8 26. Rea1 g6 27. Rxa8 Rxa8 28. Rxa8+ Qxa8 29. Kh2 Qc6 30. Nc2 Qc7+ 31. Kg1 Qd7 32. Nb4 Nh5 33. Qe3 Kg7 34. Bd1 Nf6 35. f3 Bxh3 36. gxh3 Qxh3 37. Qf2 Qf5 38. fxe4 Qxe4 39. Bf3 Qb1+ 40. Kg2 Qf5 41. Bxd5 Qg5+ 42. Qg3 Qd2+ 43. Kh3 Qh6+ 44. Kg2 Qd2+ 45. Kf3 Qd1+ 46. Kg2 Qe2+ 47. Kg1 Qd1+ 48. Kh2 Qh5+ 49. Qh3 Qg5 50. Bf3 Qf4+ 51. Qg3 Qh6+ 52. Kg2 Qd2+ 53. Qf2 Qg5+ 54. Kf1 Qc1+ 55. Qe1 Qf4 56. Qe2 Qf5 57. Ke1 Qb1+ 58. Kf2 Qf5 59. Ke3 g5 60. Kd2 g4 61. Bc6 h5 62. Qxb5 Qf4+ 63. Kc2 h4 64. Nd3 Qd6 65. Qg5+ Kf8 66. Qh6+ Kg8 67. Ne5 Qe6 68. Qxh4 Qf5+ 69. Nd3 Qf1 70. Qg5+ Kf8 71. Ne5 Qf2+ 72. Kb3 g3 73. Qxf6 Qxf6 74. Nd7+ 1-0

[Event "NOR-ch Various 2019"]
[Site "Larvik"]
[Date "2019.07.08"]
[Round "3.12"]
[White "Ratama, Sofie Kristine"]
[Black "Lotz, Corinna"]
[Result "1/2-1/2"]
[ECO "B01"]
[WhiteElo "1329"]
[BlackElo "1383"]
[Annotator "NA"]
[PlyCount "69"]
[EventDate "2019.07.06"]
[EventType "swiss"]
[EventCountry "NOR"]
[SourceTitle "playchess.com"]
[Source "ChessBase"]
[SourceQuality "1"]
[TimeControl "40/5400+30:1800+30"]

1. e4 d5 2. exd5 Qxd5 3. Nc3 Qa5 4. d4 c6 5. Nf3 Nd7 6. Bc4 e6 7. Bd2 Qc7 8. O-O Ngf6 9. h3 Bd6 10. Qe2 O-O 11. a3 b5 12. Bb3 Bb7 13. Rfe1 Rae8 14. Be3 a6 15. Qd2 c5 16. dxc5 Bxc5 17. Nd4 Bxd4 18. Bxd4 Qc6 19. Qg5 e5 20. Be3 h6 21. Qg3 Kh8 22. Qh2 Nc5 23. Bxc5 Qxc5 24. Rad1 e4 25. Qd6 Qc8 26. Qd4 Rd8 27. Qe3 Rd7 28. Rxd7 Qxd7 29. Rd1 Qc7 30. Rd4 Re8 31. a4 Bc6 32. axb5 axb5 33. Rd1 Re7 34. Rd4 Qb7 35. Rd8+ 1/2-1/2

[Event "NOR-ch Various 2019"]
[Site "Larvik"]
[Date "2019.07.08"]
[Round "3.16"]
[White "Boger, Raymond"]
[Black "Gyldenas, Ole Jorn"]
[Result "0-1"]
[ECO "D34"]
[WhiteElo "1957"]
[BlackElo "1957"]
[Annotator "NA"]
[PlyCount "86"]
[EventDate "2019.07.06"]
[EventType "swiss"]
[EventCountry "NOR"]
[SourceTitle "playchess.com"]
[Source "ChessBase"]
[SourceQuality "1"]
[TimeControl "40/5400+30:1800+30"]

1. c4 Nf6 2. g3 e6 3. Bg2 d5 4. Nf3 Be7 5. O-O O-O 6. d4 c5 7. cxd5 exd5 8. Nc3 Nc6 9. h3 h6 10. Be3 b6 11. Qd2 Ne4 12. Qd1 Nxc3 13. bxc3 c4 14. Qd2 Bf5 15. Ne5 Rc8 16. g4 Be6 17. f4 Rc7 18. f5 Bc8 19. Bf4 Bg5 20. Rae1 Bxf4 21. Qxf4 f6 22. Nxc6 Rxc6 23. e4 dxe4 24. Rxe4 Rc7 25. d5 Rd7 26. Rxc4 Ba6 27. Rd1 Bxc4 28. Qxc4 Rd6 29. Re1 Qc8 30. Qb4 Qc7 31. c4 Rc8 32. h4 Qc5+ 33. Qxc5 Rxc5 34. Bf1 Kf8 35. g5 fxg5 36. hxg5 hxg5 37. Kf2 b5 38. Rb1 bxc4 39. Rb8+ Ke7 40. Ke3 Rdxd5 41. Rb7+ Kf6 42. Rxa7 c3 43. Ra6+ Kxf5 {[%emt 0:00:54] Kd4 Ke5+} 0-1

[Event "NOR-ch Various 2019"]
[Site "Larvik"]
[Date "2019.07.08"]
[Round "3.17"]
[White "Nordquelle, Daniel"]
[Black "Heier, Odin Nikolai"]
[Result "1-0"]
[ECO "C54"]
[WhiteElo "2181"]
[BlackElo "1863"]
[Annotator "NA"]
[PlyCount "116"]
[EventDate "2019.07.06"]
[EventType "swiss"]
[EventCountry "NOR"]
[SourceTitle "playchess.com"]
[Source "ChessBase"]
[SourceQuality "1"]
[TimeControl "40/5400+30:1800+30"]

1. e4 e5 2. Nf3 Nc6 3. Bc4 Bc5 4. O-O Nf6 5. d3 O-O 6. Re1 d6 7. c3 a6 8. Nbd2 Ng4 9. Re2 Kh8 10. h3 Nh6 11. Nb3 Ba7 12. Bg5 Ne7 13. d4 f6 14. Bxh6 gxh6 15. Nbd2 b5 16. Bb3 c5 17. Nf1 c4 18. Bc2 Ng6 19. Ng3 Nf4 20. Rd2 Rg8 21. Kh2 Qe8 22. Nh4 Qf7 23. Ne2 Qh5 24. Nxf4 Qxh4 25. g3 Qg5 26. Ng2 Be6 27. Ne3 Rae8 28. Qf3 h5 29. Rg1 h4 30. g4 h5 31. Rdd1 Qf4+ 32. Qxf4 exf4 33. Nf5 hxg4 34. hxg4 Bb8 35. Kh3 Bxf5 36. gxf5 d5 37. Rxg8+ Kxg8 38. f3 Kf7 39. Rg1 dxe4 40. Bxe4 Rd8 41. Rg4 a5 42. Rxh4 Kg7 43. Kg2 b4 44. Rh1 Bc7 45. Re1 Re8 46. Kf2 Rd8 47. Bc6 Kf8 48. Bb5 Bd6 49. Re6 Kg7 50. Re8 Rxe8 51. Bxe8 Kf8 52. Bb5 Ke7 53. Ke2 Bc7 54. Bxc4 Kd6 55. Kd3 bxc3 56. bxc3 Kc6 57. Be6 Bd6 58. c4 Bb8 1-0

[Event "NOR-ch Various 2019"]
[Site "Larvik"]
[Date "2019.07.08"]
[Round "3.18"]
[White "Bruaset, Eivind"]
[Black "Opseth, Oliver"]
[Result "1-0"]
[ECO "B09"]
[WhiteElo "2074"]
[BlackElo "1714"]
[Annotator "NA RC"]
[PlyCount "75"]
[EventDate "2019.07.06"]
[EventType "swiss"]
[EventCountry "NOR"]
[SourceTitle "playchess.com"]
[Source "ChessBase"]
[SourceQuality "1"]
[TimeControl "40/5400+30:1800+30"]

1. e4 d6 2. d4 Nf6 3. Nc3 g6 4. f4 e5 5. dxe5 dxe5 6. Qxd8+ Kxd8 7. fxe5 Nfd7 8. Bg5+ Be7 9. Bxe7+ Kxe7 10. O-O-O c6 11. Nf3 Nc5 12. Bc4 Be6 13. Bxe6 Nxe6 14. Kd2 Nd7 15. Ke3 a5 16. b3 Rad8 17. a4 h5 18. Nb1 Nb6 19. Na3 Rxd1 20. Rxd1 Rd8 21. Rf1 Kf8 22. Nd2 Nd4 23. Rf2 Nc8 24. Ndc4 b6 25. Nd6 Nxd6 26. exd6 Rxd6 27. Nc4 Rd8 28. Rd2 Ne6 29. Rxd8+ Nxd8 30. Nxb6 Ke7 31. Nc4 Nb7 32. Ne5 Nd8 33. c3 Ke6 34. Nc4 Nb7 35. b4 axb4 36. cxb4 f5 37. a5 fxe4 38. a6 1-0

[Event "NOR-ch Various 2019"]
[Site "Larvik"]
[Date "2019.07.08"]
[Round "3.19"]
[White "Kjaras, Alf Marius"]
[Black "Sebastian, Andreas"]
[Result "1-0"]
[ECO "B07"]
[WhiteElo "1860"]
[BlackElo "1911"]
[Annotator "NA"]
[PlyCount "73"]
[EventDate "2019.07.06"]
[EventType "swiss"]
[EventCountry "NOR"]
[SourceTitle "playchess.com"]
[Source "ChessBase"]
[SourceQuality "1"]
[TimeControl "40/5400+30:1800+30"]

1. d4 d6 2. e4 Nf6 3. Nc3 e5 4. dxe5 dxe5 5. Qxd8+ Kxd8 6. a3 Be6 7. Nf3 Nbd7 8. Ng5 Bc5 9. Nxe6+ fxe6 10. f3 Ke7 11. Bd2 a6 12. Bc4 b5 13. Ba2 Rhb8 14. Ne2 a5 15. b4 axb4 16. axb4 Bb6 17. Kd1 Ra7 18. Kc1 Rba8 19. Kb2 h6 20. Bb3 Ne8 21. Rxa7 Rxa7 22. Ra1 Nd6 23. Bc3 Be3 24. Rxa7 Bxa7 25. Nc1 Nb6 26. Nd3 Nbc4+ 27. Bxc4 Nxc4+ 28. Kb3 Kd6 29. Nc5 Bxc5 30. bxc5+ Kc6 31. Kb4 g6 32. h4 Ne3 33. Bxe5 Nxg2 34. Bg3 Ne3 35. Kc3 Kxc5 36. Bf2 Kd6 37. Bxe3 1-0

[Event "NOR-ch Various 2019"]
[Site "Larvik"]
[Date "2019.07.08"]
[Round "3.20"]
[White "Nielsen, Andre"]
[Black "Kizatbay, Abyl"]
[Result "0-1"]
[ECO "B67"]
[WhiteElo "2229"]
[BlackElo "2216"]
[Annotator "NA"]
[PlyCount "68"]
[EventDate "2019.07.06"]
[EventType "swiss"]
[EventCountry "NOR"]
[SourceTitle "playchess.com"]
[Source "ChessBase"]
[SourceQuality "1"]
[TimeControl "40/5400+30:1800+30"]

1. e4 c5 2. Nf3 d6 3. d4 cxd4 4. Nxd4 Nf6 5. Nc3 Nc6 6. Bg5 e6 7. Qd2 a6 8. O-O-O Bd7 9. f4 h6 10. Bh4 g5 11. fxg5 Ng4 12. Kb1 Nge5 13. Nxc6 Bxc6 14. Be2 Be7 15. Bg3 hxg5 16. Rhf1 b5 17. Bxe5 dxe5 18. Qe3 Qc7 19. Bg4 Rh7 20. Rd2 Qa7 21. Qf3 Rd8 22. Rxd8+ Kxd8 23. Bh5 b4 24. Ne2 f5 25. Ng3 f4 26. Ne2 Qb7 27. Rd1+ Kc7 28. Bg4 Bxe4 29. Qb3 Bd5 30. Qd3 Rxh2 31. Bf3 e4 32. Bxe4 Bxe4 33. Qd7+ Kb6 34. Qxe6+ Qc6 0-1

[Event "NOR-ch Various 2019"]
[Site "Larvik"]
[Date "2019.07.08"]
[Round "3.21"]
[White "Sjoberg, Isak"]
[Black "Melaa, Sondre"]
[Result "1-0"]
[ECO "C59"]
[WhiteElo "2182"]
[BlackElo "2118"]
[Annotator "NA"]
[PlyCount "81"]
[EventDate "2019.07.06"]
[EventType "swiss"]
[EventCountry "NOR"]
[SourceTitle "playchess.com"]
[Source "ChessBase"]
[SourceQuality "1"]
[TimeControl "40/5400+30:1800+30"]

1. e4 e5 2. Nf3 Nc6 3. Bc4 Nf6 4. Ng5 d5 5. exd5 Na5 6. Bb5+ c6 7. dxc6 bxc6 8. Be2 h6 9. Nh3 Bd6 10. d3 O-O 11. Nc3 Nd5 12. Bd2 Rb8 13. Rb1 Nb7 14. Ng1 Nc5 15. Bf3 Bc7 16. Nge2 f5 17. O-O Ba6 18. Re1 e4 19. dxe4 fxe4 20. Bg4 Qf6 21. Nxd5 Qxf2+ 22. Kh1 cxd5 23. Bc3 Qh4 24. Qxd5+ Kh8 25. Qh5 Qxh5 26. Bxh5 Rf5 27. Bg4 Rg5 28. Bh3 Na4 29. Bd4 Rd5 30. c4 Bxc4 31. Be6 Bxe2 32. Bxd5 Bd3 33. Bxe4 Bxb1 34. Bxb1 Ba5 35. Re7 Rc8 36. Bxg7+ Kg8 37. Bxh6 Bb4 38. Rg7+ Kh8 39. Rg4 Bf8 40. Be3 Nxb2 41. Bd4+ 1-0

[Event "NOR-ch Various 2019"]
[Site "Larvik"]
[Date "2019.07.08"]
[Round "3.22"]
[White "Tunsjo, Axel"]
[Black "Johannessen, Heine N"]
[Result "1-0"]
[ECO "B50"]
[WhiteElo "2039"]
[BlackElo "1743"]
[Annotator "NA"]
[PlyCount "75"]
[EventDate "2019.07.06"]
[EventType "swiss"]
[EventCountry "NOR"]
[SourceTitle "playchess.com"]
[Source "ChessBase"]
[SourceQuality "1"]
[TimeControl "40/5400+30:1800+30"]

1. e4 c5 2. b3 d6 3. Bb2 Nc6 4. Nf3 Nf6 5. Nc3 Bg4 6. Be2 e6 7. h3 Bxf3 8. Bxf3 Nd4 9. e5 dxe5 10. Bxb7 Rb8 11. Bf3 Bd6 12. O-O O-O 13. d3 Qe7 14. a4 Rfd8 15. Re1 Rbc8 16. Nb5 a6 17. Na3 Bb8 18. Nc4 Qc7 19. g3 Nd7 20. Bc3 Nc6 21. Bxc6 Qxc6 22. Nxe5 Nxe5 23. Bxe5 Bxe5 24. Rxe5 f6 25. Re3 a5 26. Qe1 Qb6 27. Rxe6 Qb4 28. Re4 Qb6 29. Qe3 h6 30. Re1 Qd6 31. Qd2 Qb6 32. R1e2 Rf8 33. Qe1 f5 34. Re7 f4 35. R2e6 Rc6 36. Qe5 Rf6 37. Re8+ Kh7 38. Qe4+ 1-0

[Event "NOR-ch Various 2019"]
[Site "Larvik"]
[Date "2019.07.08"]
[Round "3.23"]
[White "Solaas, Timian Martinius Man"]
[Black "Ihlen, Sivert"]
[Result "0-1"]
[ECO "E81"]
[WhiteElo "1779"]
[BlackElo "1580"]
[Annotator "NA"]
[PlyCount "106"]
[EventDate "2019.07.06"]
[EventType "swiss"]
[EventCountry "NOR"]
[SourceTitle "playchess.com"]
[Source "ChessBase"]
[SourceQuality "1"]
[TimeControl "40/5400+30:1800+30"]

1. d4 Nf6 2. c4 g6 3. Nc3 Bg7 4. e4 d6 5. f3 O-O 6. Be3 c5 7. Nge2 Nc6 8. Qd2 Qa5 9. g4 a6 10. dxc5 dxc5 11. Nd5 Qxd2+ 12. Kxd2 Rd8 13. Kc2 Nxd5 14. cxd5 Nb4+ 15. Kb3 b6 16. Nc3 a5 17. a3 a4+ 18. Nxa4 Rxa4 19. Bb5 Ra5 20. axb4 Rxb5 21. Bd2 cxb4 22. Be3 e6 23. Ra8 Ra5 24. Rb8 Be5 25. Bxb6 Bxb8 26. Rc1 Bf4 27. Bxa5 Bxc1 28. Bxd8 exd5 29. exd5 Kf8 30. Kxb4 Bxb2 31. Kb3 Be5 32. h4 Ke8 33. Bg5 Kd7 34. Kc2 Bb7 35. Kd3 Bxd5 36. f4 Bc7 37. f5 Bf3 38. fxg6 hxg6 39. h5 gxh5 40. gxh5 Bxh5 41. Ke3 Ke6 42. Kf2 Kf5 43. Be3 Ke4 44. Ba7 f5 45. Bc5 f4 46. Ba7 Be5 47. Kf1 Kf3 48. Bb6 Be8 49. Bc5 Bb5+ 50. Ke1 Kg2 51. Bb6 f3 52. Bc5 Bg3+ 53. Kd2 Bf2 {[%emt 0:00:06] Kd3} 0-1

[Event "NOR-ch Various 2019"]
[Site "Larvik"]
[Date "2019.07.08"]
[Round "3.24"]
[White "Olsen, William Alexander"]
[Black "Salte, Hakon"]
[Result "1-0"]
[ECO "A49"]
[WhiteElo "1764"]
[BlackElo "1221"]
[Annotator "NA"]
[PlyCount "53"]
[EventDate "2019.07.06"]
[EventType "swiss"]
[EventCountry "NOR"]
[SourceTitle "playchess.com"]
[Source "ChessBase"]
[SourceQuality "1"]
[TimeControl "40/5400+30:1800+30"]

1. Nf3 g6 2. g3 d6 3. d4 Bg7 4. Bg2 Nf6 5. O-O O-O 6. Re1 Bf5 7. Ng5 d5 8. c4 Nc6 9. cxd5 Nb4 10. e4 Bd7 11. a3 Na6 12. e5 Ne8 13. Qb3 Rb8 14. e6 fxe6 15. dxe6 Bc6 16. d5 Nd6 17. dxc6 bxc6 18. Qc2 c5 19. Nc3 h6 20. Nf7 Nxf7 21. exf7+ Rxf7 22. Bd5 Qf8 23. Qxg6 Re8 24. Bxf7+ Qxf7 25. Qxa6 Bd4 26. Be3 Rf8 27. Qe2 1-0

[Event "NOR-ch Various 2019"]
[Site "Larvik"]
[Date "2019.07.08"]
[Round "3.25"]
[White "Myagmarsuren, Evsuld"]
[Black "Brattgjerd, Isak Vinh"]
[Result "0-1"]
[ECO "B76"]
[WhiteElo "1289"]
[BlackElo "1571"]
[Annotator "NA"]
[PlyCount "116"]
[EventDate "2019.07.06"]
[EventType "swiss"]
[EventCountry "NOR"]
[SourceTitle "playchess.com"]
[Source "ChessBase"]
[SourceQuality "1"]
[TimeControl "40/5400+30:1800+30"]

1. e4 c5 2. Nf3 d6 3. d4 cxd4 4. Nxd4 Nf6 5. Nc3 g6 6. Be3 Bg7 7. f3 O-O 8. Qd2 Nc6 9. Nb3 Bd7 10. g4 Ne5 11. Be2 b5 12. g5 Nh5 13. f4 Nc4 14. Bxc4 bxc4 15. Nd4 Rc8 16. Nde2 a6 17. Ng3 Bg4 18. Nxh5 Bxh5 19. h4 Rb8 20. Rb1 Qa5 21. Nd5 Qxd2+ 22. Kxd2 e6 23. Nf6+ Bxf6 24. gxf6 Bf3 25. Rhg1 Bxe4 26. h5 Rfc8 27. Kc3 Rb5 28. hxg6 Bxg6 29. Rg5 Rxg5 30. fxg5 Kf8 31. Rd1 d5 32. Rd2 Ke8 33. Bf4 Rc6 34. Be3 a5 35. a3 Be4 36. Bd4 Kd7 37. Rh2 Kd6 38. Ba7 e5 39. Re2 Ke6 40. b3 cxb3+ 41. Kxb3 Rc7 42. Be3 Rc4 43. a4 Rb4+ 44. Ka3 Kf5 45. c3 Rb7 46. Rh2 Kg4 47. Rf2 Rb1 48. Ka2 Rd1 49. Kb2 Kg3 50. Rd2 Rf1 51. Bc5 Rf5 52. Bb6 Rxg5 53. Bxa5 h5 54. Bb6 h4 55. Bf2+ Kg4 56. Rd1 h3 57. Bg1 Kf3 58. Bh2 Rg2+ 0-1

[Event "NOR-ch Various 2019"]
[Site "Larvik"]
[Date "2019.07.08"]
[Round "3.26"]
[White "Kvendseth, Thyra"]
[Black "Hansen, Tor Magnus"]
[Result "1/2-1/2"]
[ECO "D30"]
[WhiteElo "1967"]
[BlackElo "1558"]
[Annotator "NA"]
[PlyCount "140"]
[EventDate "2019.07.06"]
[EventType "swiss"]
[EventCountry "NOR"]
[SourceTitle "playchess.com"]
[Source "ChessBase"]
[SourceQuality "1"]
[TimeControl "40/5400+30:1800+30"]

1. d4 d5 2. c4 c6 3. e3 Nf6 4. Nf3 e6 5. Bd3 dxc4 6. Bxc4 b5 7. Be2 Bb7 8. Nbd2 Nbd7 9. O-O a6 10. e4 c5 11. e5 Nd5 12. Ne4 cxd4 13. Qxd4 Qb6 14. Qxb6 N5xb6 15. Ned2 Be7 16. Nb3 Nc4 17. Bxc4 bxc4 18. Nbd4 Bc5 19. Re1 Rd8 20. Bg5 Bxf3 21. Nxf3 Rc8 22. Rac1 h6 23. Bd2 Ke7 24. Re4 Rhd8 25. Ba5 Bb6 26. Bb4+ Ke8 27. g3 Nc5 28. Rexc4 Rd5 29. Nd4 Kd7 30. Nf3 Rc7 31. Rf4 Ke8 32. Rfc4 Kd7 33. Rg4 g6 34. Rh4 Nd3 35. Rxc7+ Bxc7 36. Bc3 Nxe5 37. Nxe5+ Bxe5 38. Bxe5 Rxe5 39. Kf1 h5 40. Ra4 a5 41. b4 axb4 42. Rxb4 Kc6 43. Rf4 f5 44. h4 Ra5 45. Rc4+ Kb5 46. Rc8 Ra6 47. Kg2 e5 48. Rc2 e4 49. Kf1 g5 50. hxg5 Rg6 51. Rc8 Rxg5 52. Rf8 e3 53. fxe3 Rxg3 54. Rxf5+ Kc4 55. Kf2 Rh3 56. Rf4+ Kd5 57. a4 Ke5 58. a5 Rh2+ 59. Kg3 Ra2 60. Rh4 Kf5 61. Rh2 Ra3 62. Rxh5+ Ke4 63. Kg4 Ra4 64. Rf5 Kxe3+ 65. Kg5 Ra1 66. Kf6 Kd4 67. Ke6 Kc4 68. Kd6 Kb4 69. Kc6 Rxa5 70. Rxa5 Kxa5 1/2-1/2

[Event "NOR-ch Various 2019"]
[Site "Larvik"]
[Date "2019.07.08"]
[Round "3.27"]
[White "Kristiansen, Snorre"]
[Black "Schouten, Mathias Lind"]
[Result "0-1"]
[ECO "B09"]
[WhiteElo "1804"]
[BlackElo "1961"]
[Annotator "NA"]
[PlyCount "138"]
[EventDate "2019.07.06"]
[EventType "swiss"]
[EventCountry "NOR"]
[SourceTitle "playchess.com"]
[Source "ChessBase"]
[SourceQuality "1"]
[TimeControl "40/5400+30:1800+30"]

1. d4 c5 2. d5 Nf6 3. Nc3 d6 4. e4 g6 5. f4 Bg7 6. Bb5+ Bd7 7. e5 Ng8 8. Nf3 Bxb5 9. Nxb5 a6 10. Nc3 Nh6 11. O-O O-O 12. Ne4 b5 13. Neg5 Qb6 14. e6 f5 15. h3 a5 16. Rb1 Na6 17. Be3 Rfb8 18. c3 Qb7 19. Qd2 Rc8 20. Rfd1 Rab8 21. Kh2 a4 22. Ne1 Nc7 23. Nef3 Na8 24. b3 axb3 25. axb3 b4 26. c4 Nc7 27. Qc2 Ra8 28. Bc1 Ne8 29. Bb2 Ra2 30. Qc1 Bxb2 31. Rxb2 Rca8 32. Qc2 Qa7 33. Rdb1 Nf6 34. Ne1 Kg7 35. Nd3 Nhg8 36. Nf2 Qa3 37. Rxa2 Qxa2 38. Rb2 Qa3 39. Rb1 Qa2 40. Rb2 Qa1 41. Nf3 Ne4 42. g4 Nxf2 43. Qxf2 fxg4 44. hxg4 Nf6 45. Kh3 Qh1+ 46. Nh2 Ra1 47. Qg2 Qc1 48. Qd2 Qxd2 49. Rxd2 Rb1 50. Rd3 Ne4 51. Re3 Nc3 52. Nf3 Rxb3 53. Nd2 Rb2 54. Ne4 Nxe4 55. Rxe4 Rd2 56. Re1 Rc2 57. Ra1 Rxc4 58. Ra7 b3 59. Rxe7+ Kf8 60. Ra7 b2 61. Ra8+ Ke7 62. Ra7+ Kd8 63. Ra8+ Kc7 64. e7 Re4 65. e8=Q Rxe8 66. Rxe8 b1=Q 67. Re7+ Kd8 68. Re6 Qh1+ 69. Kg3 Qxd5 0-1

[Event "NOR-ch Various 2019"]
[Site "Larvik"]
[Date "2019.07.08"]
[Round "3.28"]
[White "Demac, Elias"]
[Black "Andersen, Lars Even"]
[Result "0-1"]
[ECO "D36"]
[WhiteElo "2215"]
[BlackElo "2314"]
[Annotator "NA"]
[PlyCount "100"]
[EventDate "2019.07.06"]
[EventType "swiss"]
[EventCountry "NOR"]
[SourceTitle "playchess.com"]
[Source "ChessBase"]
[SourceQuality "1"]
[TimeControl "40/5400+30:1800+30"]

1. d4 Nf6 2. c4 e6 3. Nc3 d5 4. cxd5 exd5 5. Bg5 Nbd7 6. e3 c6 7. Bd3 Be7 8. Qc2 O-O 9. Nge2 Re8 10. f3 Nf8 11. O-O Nh5 12. Bxe7 Qxe7 13. e4 dxe4 14. fxe4 Nf6 15. h3 c5 16. e5 cxd4 17. exf6 Qe3+ 18. Kh1 dxc3 19. fxg7 Ng6 20. Qxc3 Bxh3 21. Bc4 Bxg2+ 22. Kxg2 Qe4+ 23. Kg1 Ne5 24. Rf4 Qg6+ 25. Qg3 Nxc4 26. Qxg6 hxg6 27. Rxc4 Rxe2 28. Rc7 Rxb2 29. Rf1 f5 30. Rf2 Rxf2 31. Kxf2 Re8 32. Rxb7 a5 33. Ra7 Re4 34. Rxa5 Kxg7 35. a4 Kh6 36. Ra8 Kg5 37. a5 Kf4 38. a6 Ra4 39. a7 Ra2+ 40. Kg1 g5 41. Kf1 g4 42. Ke1 g3 43. Kd1 g2 44. Rg8 Rxa7 45. Rxg2 Ra1+ 46. Ke2 Ra2+ 47. Kf1 Rxg2 48. Kxg2 Ke3 49. Kf1 Kf3 50. Kg1 Ke2 0-1

[Event "NOR-ch Various 2019"]
[Site "Larvik"]
[Date "2019.07.08"]
[Round "3.29"]
[White "Hobber, Anders"]
[Black "Holleland, Sigve"]
[Result "1-0"]
[ECO "D05"]
[WhiteElo "2294"]
[BlackElo "2092"]
[Annotator "NA"]
[PlyCount "73"]
[EventDate "2019.07.06"]
[EventType "swiss"]
[EventCountry "NOR"]
[SourceTitle "playchess.com"]
[Source "ChessBase"]
[SourceQuality "1"]
[TimeControl "40/5400+30:1800+30"]

1. d4 Nf6 2. Nf3 d5 3. e3 c5 4. c3 Bf5 5. dxc5 e6 6. b4 Be7 7. Bb2 O-O 8. Nbd2 a5 9. a3 b6 10. cxb6 Qxb6 11. Be2 Nc6 12. O-O e5 13. Rc1 e4 14. Nd4 Nxd4 15. exd4 Ne8 16. Qb3 Qg6 17. Qxd5 Nc7 18. Qb3 Ne6 19. g3 Nf4 20. Qd1 Bg5 21. Kh1 Qh6 22. Nc4 Nxe2 23. Qxe2 Bxc1 24. Rxc1 Qa6 25. Qf1 axb4 26. cxb4 Bg4 27. Ne3 Be2 28. Qh3 f5 29. d5 f4 30. Rc7 Ra7 31. Rxa7 Qxa7 32. Qe6+ Kh8 33. Nf5 fxg3 34. hxg3 Bg4 35. Qd6 Re8 36. Bxg7+ Kg8 37. Bd4 1-0

[Event "NOR-ch Various 2019"]
[Site "Larvik"]
[Date "2019.07.08"]
[Round "3.30"]
[White "Lund, Gunnar"]
[Black "Laverton, Christian"]
[Result "1/2-1/2"]
[ECO "D02"]
[WhiteElo "2285"]
[BlackElo "2115"]
[Annotator "NA"]
[PlyCount "60"]
[EventDate "2019.07.06"]
[EventType "swiss"]
[EventCountry "NOR"]
[SourceTitle "playchess.com"]
[Source "ChessBase"]
[SourceQuality "1"]
[TimeControl "40/5400+30:1800+30"]

1. d4 d5 2. Bf4 Nf6 3. e3 e6 4. Nf3 Bd6 5. Nbd2 O-O 6. Bd3 Bxf4 7. exf4 c5 8. dxc5 Qc7 9. g3 Qxc5 10. O-O Nc6 11. c3 b5 12. Rc1 Bb7 13. b4 Qb6 14. a4 bxa4 15. Qxa4 Rfc8 16. b5 Nb8 17. f5 Nbd7 18. fxe6 fxe6 19. Qd4 Nc5 20. Rfe1 Nxd3 21. Qxd3 Ne4 22. Re2 Rc5 23. Nd4 e5 24. Nc6 Bxc6 25. bxc6 Nxd2 26. Qxd2 Re8 27. Rce1 e4 28. Qa2 Ra5 29. Qd2 Qxc6 30. c4 Rc5 1/2-1/2

[Event "NOR-ch Various 2019"]
[Site "Larvik"]
[Date "2019.07.08"]
[Round "3.31"]
[White "Shehzad, Shazil"]
[Black "Abdrlauf, Elham"]
[Result "1/2-1/2"]
[ECO "B56"]
[WhiteElo "2088"]
[BlackElo "2235"]
[Annotator "NA"]
[PlyCount "61"]
[EventDate "2019.07.06"]
[EventType "swiss"]
[EventCountry "NOR"]
[SourceTitle "playchess.com"]
[Source "ChessBase"]
[SourceQuality "1"]
[TimeControl "40/5400+30:1800+30"]

1. e4 c5 2. Nf3 d6 3. d4 cxd4 4. Nxd4 Nf6 5. Nc3 e5 6. Nb3 Be7 7. f3 O-O 8. Be3 Be6 9. Nd5 Nxd5 10. exd5 Bf5 11. Qd2 a5 12. c4 a4 13. Nc1 Nd7 14. Bd3 Bxd3 15. Nxd3 Qc7 16. Rc1 e4 17. fxe4 Bf6 18. O-O Rfe8 19. Nf2 Nc5 20. Qc2 Re7 21. Bxc5 Qxc5 22. Kh1 a3 23. b3 Rae8 24. Qd3 Bb2 25. Rc2 f5 26. Qf3 g6 27. g4 fxe4 28. Nxe4 Rxe4 29. Rxb2 axb2 30. Qf7+ Kh8 31. Qf6+ 1/2-1/2

[Event "NOR-ch Various 2019"]
[Site "Larvik"]
[Date "2019.07.08"]
[Round "3.32"]
[White "Brodtkorb, Lars Johan"]
[Black "Aulin-Jansson, Joran"]
[Result "1-0"]
[ECO "E80"]
[WhiteElo "2077"]
[BlackElo "2223"]
[Annotator "NA"]
[PlyCount "161"]
[EventDate "2019.07.06"]
[EventType "swiss"]
[EventCountry "NOR"]
[SourceTitle "playchess.com"]
[Source "ChessBase"]
[SourceQuality "1"]
[TimeControl "40/5400+30:1800+30"]

1. d4 Nf6 2. c4 d6 3. Nc3 g6 4. e4 Bg7 5. f3 e5 6. d5 Nfd7 7. Nh3 Bh6 8. Bxh6 Qh4+ 9. Nf2 Qxh6 10. Qd2 Qxd2+ 11. Kxd2 a5 12. Be2 Nc5 13. Rhb1 a4 14. Bd1 f5 15. b4 axb3 16. axb3 Rxa1 17. Rxa1 Nba6 18. Na2 fxe4 19. fxe4 Rf8 20. Ke3 Ke7 21. b4 Nd7 22. Be2 b6 23. Nd3 Nf6 24. Nc3 h5 25. Nb1 g5 26. Nd2 g4 27. Bd1 h4 28. Ba4 Nh5 29. Bb5 Nb8 30. c5 bxc5 31. bxc5 Nf4 32. cxd6+ cxd6 33. Ne1 Bd7 34. Ra7 h3 35. g3 Nh5 36. Nf1 Rc8 37. Be2 Nf6 38. Nd3 Rc3 39. Nd2 Kd8 40. Nb1 Rc4 41. Nd2 Ra4 42. Rxa4 Bxa4 43. Nf2 Bd7 44. Nf1 Kc7 45. Kd2 Kb6 46. Ne3 Kc5 47. Kc3 Be8 48. Bxg4 Na6 49. Bxh3 Nb4 50. Bf5 Na2+ 51. Kd2 Kd4 52. g4 Nc3 53. Nc2+ Kc4 54. h4 Nb1+ 55. Ke3 Kc3 56. Ne1 Na3 57. Nd1+ Kb3 58. h5 Nc4+ 59. Ke2 Bxh5 60. gxh5 Nxh5 61. Ng2 Nb6 62. Nde3 Kc3 63. Bg6 Nf6 64. Nh4 Nbd7 65. Nf3 Nc5 66. Ng5 Nd3 67. Ne6 Nc1+ 68. Kf3 Nb3 69. Nd1+ Kc4 70. Nf2 Kc3 71. Ke3 Na5 72. Ke2 Nc4 73. Nd1+ Kb4 74. Kd3 Kb3 75. Nc7 Kb4 76. Ne3 Nxe3 77. Kxe3 Kc5 78. Ne8 Ng4+ 79. Kf3 Nh2+ 80. Ke2 Ng4 81. Bf5 1-0